[Event "Austrian Championship 2022"]
[Site "Vienna"]
[Date "2022.08.17"]
[Round "7.5"]
[White "Schwabeneder, Florian"]
[Black "Kristoferitsch, Daniel"]
[Result "1/2-1/2"]
[ECO "A04"]
[WhiteElo "2430"]
[BlackElo "2312"]
[Annotator "TA"]
[PlyCount "81"]
[EventDate "2022.08.12"]
[EventType "swiss"]
[EventCountry "AUT"]
[SourceTitle "playchess.com"]
[Source "ChessBase"]
[SourceQuality "1"]
[TimeControl "40/5400+30:1800+30"]

1. Nf3 c5 2. g3 Nc6 3. Bg2 g6 4. O-O Bg7 5. c3 e5 6. e4 Nge7 7. d3 O-O 8. a3 d6 9. b4 h6 10. b5 {[%emt 0:15:35] A04: Unusual lines after 1 Nf3 and King's Indian Attack.} Na5 11. c4 f5 12. Nc3 {[%emt 0:00:17] The position is equal.} f4 {[%emt 0:05:02] [#]} 13. Nd5 $146 (13. h3 $11) ({Predecessor:} 13. Rb1 g5 14. h3 Bd7 15. Nd2 b6 16. Nd5 Rf7 17. Re1 Qc8 18. g4 h5 19. Bf3 {½-½ (25) Teeriaho,T (2362)-Boos,M (2278) ICCF email 2014}) 13... g5 14. Ne1 Nxd5 15. cxd5 Bd7 16. Rb1 b6 17. Nc2 Qe8 18. a4 h5 19. f3 Nb7 20. Na3 Bf6 21. Nc4 Bd8 22. Rf2 a5 (22... Rf7 $11) 23. gxf4 gxf4 24. Qf1 $1 Kh7 25. Bh3 Rg8+ 26. Kh1 {[%emt 0:00:25] Active counter play!} Bc7 27. Rbb2 Nd8 {[%emt 0:01:55] [#]} (27... Qc8 $142 28. Bxd7 Qxd7) 28. Bxd7 (28. Rg2 $1 $16 {[%cal Rg2g8] Rxg8 is the strong threat.} Rxg2 29. Bxd7 (29. Kxg2 Bxh3+ 30. Kxh3 Nf7 $11) (29. Bxg2 Nf7 $11) 29... Qxd7 30. Rxg2) 28... Qxd7 $14 29. Rg2 {[%emt 0:00:09] Strongly threatening Rxg8.} Nf7 30. Rxg8 Rxg8 31. Rg2 Rxg2 (31... Ng5 $1 $14) 32. Qxg2 $16 {[%emt 0:00:09] White is better.} Bd8 33. Bd2 Nh6 34. Be1 Nf7 35. Kg1 Qc8 36. Kf1 Qd7 37. Ke2 Qc8 38. Kd1 Qd7 39. Bf2 Qc8 40. Ke2 Qd7 41. Kf1 {[%emt 0:07:43] Weighted Error Value: White=0.15 (very precise) /Black=0.18 (very precise)} 1/2-1/2

[Event "Austrian Championship 2022"]
[Site "Vienna"]
[Date "2022.08.17"]
[Round "7.5"]
[White "Geroe, Leonhard"]
[Black "Hengl, Philip"]
[Result "1/2-1/2"]
[ECO "D79"]
[WhiteElo "2017"]
[BlackElo "1968"]
[Annotator "NA RC"]
[PlyCount "93"]
[EventDate "2022.08.12"]
[EventType "swiss"]
[EventCountry "AUT"]
[SourceTitle "playchess.com"]
[Source "ChessBase"]
[SourceQuality "1"]
[TimeControl "40/5400+30:1800+30"]

1. Nf3 d5 2. g3 g6 3. d4 Bg7 4. Bg2 Nf6 5. O-O O-O 6. c4 c6 7. cxd5 cxd5 8. Nc3 Ne4 9. Qc2 Nc6 10. Rd1 Bf5 11. Qa4 Nxc3 12. bxc3 Be4 13. Be3 Na5 14. Ne5 Bxg2 15. Kxg2 Bxe5 16. dxe5 Nc4 17. Rab1 Nxe3+ 18. fxe3 Qc7 19. Rxd5 Rfd8 20. Qd4 b6 21. e4 Rac8 22. Rc1 b5 23. Kf3 a6 24. e3 Qa5 25. c4 Rxd5 26. Qxd5 Rd8 27. Qc5 Qd2 28. cxb5 axb5 29. Qc2 e6 30. h3 Kg7 31. g4 Rd3 32. Qxd2 Rxd2 33. a3 Ra2 34. Rc3 Rb2 35. Kg3 b4 36. axb4 Rxb4 37. Kf3 Rb2 38. h4 h6 39. Rc1 Rd2 40. Re1 Ra2 41. Rg1 Rb2 42. Re1 Ra2 43. Rh1 Rb2 44. Kg3 Re2 45. Kf3 Rb2 46. Re1 Ra2 47. Re2 1/2-1/2

[Event "Austrian Championship 2022"]
[Site "Vienna"]
[Date "2022.08.17"]
[Round "7.6"]
[White "Schreiner, Peter"]
[Black "Kruckenhauser, Arthur"]
[Result "1/2-1/2"]
[ECO "E11"]
[WhiteElo "2416"]
[BlackElo "2303"]
[Annotator "TA"]
[PlyCount "35"]
[EventDate "2022.08.12"]
[EventType "swiss"]
[EventCountry "AUT"]
[SourceTitle "playchess.com"]
[Source "ChessBase"]
[SourceQuality "1"]
[TimeControl "40/5400+30:1800+30"]

1. Nf3 d5 2. d4 Nf6 3. c4 e6 4. g3 Bb4+ 5. Bd2 Be7 6. Bg2 O-O 7. O-O Nbd7 {[%emt 0:01:41] The position is equal.} 8. Bc3 {[%emt 0:11:32] E11: Bogo-Indian.} Ne4 9. Nbd2 f5 {[%emt 0:05:16] [#]} 10. e3 $146 ({Predecessor:} 10. Rc1 c6 11. b3 Nxc3 12. Rxc3 Bb4 13. Rc2 a5 14. Qc1 a4 15. a3 axb3 16. Nxb3 Rxa3 {1-0 (41) Petrov,M (2545)-Kazarian,A (2135) Chess.com INT 2022}) 10... b6 11. cxd5 exd5 12. Qc2 a5 13. Ne1 Ba6 14. Nd3 Bd6 15. Rfd1 Ndf6 16. f3 {[%emt 0:02:38] Inhibits Ng4.} Nxd2 17. Qxd2 Bxd3 18. Qxd3 {[%emt 0:00:05] An interesting draw.  Weighted Error Value: White=0.04 (flawless) /Black=0.05 (flawless)} 1/2-1/2

[Event "Austrian Championship 2022"]
[Site "Vienna"]
[Date "2022.08.17"]
[Round "7.6"]
[White "Stadlinger, Matthias"]
[Black "Tumanyan, Gor"]
[Result "1-0"]
[ECO "B20"]
[WhiteElo "1975"]
[BlackElo "1884"]
[Annotator "NA RC"]
[PlyCount "105"]
[EventDate "2022.08.12"]
[EventType "swiss"]
[EventCountry "AUT"]
[SourceTitle "playchess.com"]
[Source "ChessBase"]
[SourceQuality "1"]
[TimeControl "40/5400+30:1800+30"]

1. e4 c5 2. b3 Nc6 3. Bb2 d6 4. Bb5 e5 5. Ne2 Nge7 6. O-O Ng6 7. Nbc3 Be7 8. Nd5 Bg5 9. f4 a6 10. Bd3 exf4 11. Nexf4 Nce5 12. Nxg6 hxg6 13. Bxe5 dxe5 14. Qf3 Be6 15. Rad1 Rc8 16. a4 O-O 17. c4 Qd6 18. Qg3 Bh6 19. Bc2 Rce8 20. Qd3 Kh8 21. Rf2 f5 22. Rdf1 f4 23. Nxf4 Qxd3 24. Nxd3 Rxf2 25. Rxf2 Rd8 26. Nxc5 Bc8 27. Nd3 Kg8 28. Kf1 Re8 29. Nb4 Be6 30. Nd5 Bxd5 31. exd5 Rf8 32. Rxf8+ Kxf8 33. Ke2 Bg5 34. c5 a5 35. Bxg6 Ke7 36. Kd3 Kd7 37. Be4 Bd8 38. Kc4 b6 39. Bf5+ Kc7 40. d6+ Kc6 41. Be4+ Kd7 42. Kd5 bxc5 43. Bf5+ Ke8 44. Kxc5 Bg5 45. b4 axb4 46. Kxb4 Bxd2+ 47. Kb5 Be3 48. a5 e4 49. Kc6 Bd2 50. a6 e3 51. Bg4 e2 52. Bxe2 Be3 53. Kc7 1-0

[Event "Austrian Championship 2022"]
[Site "Vienna"]
[Date "2022.08.17"]
[Round "7.7"]
[White "Kordzadze, Nino"]
[Black "Weichhart, Daniel"]
[Result "0-1"]
[ECO "A20"]
[WhiteElo "2043"]
[BlackElo "1965"]
[Annotator "NA RC"]
[PlyCount "58"]
[EventDate "2022.08.12"]
[EventType "swiss"]
[EventCountry "AUT"]
[SourceTitle "playchess.com"]
[Source "ChessBase"]
[SourceQuality "1"]
[TimeControl "40/5400+30:1800+30"]

1. c4 c6 2. g3 d5 3. Bg2 e5 4. cxd5 cxd5 5. d4 e4 6. Nc3 Nc6 7. a3 h6 8. h4 Nf6 9. Nh3 Qb6 10. O-O Qxd4 11. Bf4 Be6 12. Qb3 O-O-O 13. Nb5 Qb6 14. Bc7 Qa6 15. Bxd8 Kxd8 16. a4 Qb6 17. Qc2 a6 18. Na3 Nd4 19. Qd1 Qxb2 20. Rb1 Nxe2+ 21. Kh1 Nxg3+ 22. fxg3 Qxa3 23. Rxb7 Qxg3 24. Rb3 Qe5 25. Nf4 Bd6 26. Qd2 d4 27. Rb7 Nh5 28. Rc1 Qxf4 29. Qa5+ Ke8 0-1

[Event "Austrian Championship 2022"]
[Site "Vienna"]
[Date "2022.08.17"]
[Round "7.8"]
[White "Steindl, Johannes"]
[Black "Bauer, Thomas"]
[Result "1-0"]
[ECO "B62"]
[WhiteElo "2312"]
[BlackElo "2228"]
[Annotator "RC"]
[PlyCount "83"]
[EventDate "2022.08.12"]
[EventType "swiss"]
[EventCountry "AUT"]
[SourceTitle "playchess.com"]
[Source "ChessBase"]
[SourceQuality "1"]
[TimeControl "40/5400+30:1800+30"]

1. e4 c5 2. Nf3 Nc6 3. d4 cxd4 4. Nxd4 Nf6 5. Nc3 d6 6. Bg5 e6 7. Qd3 Be7 8. O-O-O O-O 9. f4 Qb6 10. Nxc6 bxc6 11. Be2 a5 12. Qg3 Rb8 13. b3 Qc5 14. Kb2 Kh8 15. e5 dxe5 16. fxe5 Nd5 17. Bxe7 Qxe7 18. Na4 Qa7 19. Rhe1 Rb4 20. c3 Re4 21. Bd3 Rf4 22. Bc2 Qf2 23. Qd3 Rh4 24. Re2 Qa7 25. g3 Rh6 26. c4 Ba6 27. Qd4 Qa8 28. Red2 Nb4 29. Qd8 Nd5 30. Qxa8 Rxa8 31. cxd5 cxd5 32. Nc5 Bb5 33. Bd3 Be8 34. a4 Rh5 35. Re1 g6 36. Ka3 Rb8 37. Na6 Rb6 38. Nc7 Bc6 39. Rc2 f6 40. exf6 e5 41. f7 Kg7 42. Rf1 1-0

[Event "Austrian Championship 2022"]
[Site "Vienna"]
[Date "2022.08.17"]
[Round "7.9"]
[White "Sadilek, Peter"]
[Black "Froewis, Annika"]
[Result "1-0"]
[ECO "A46"]
[WhiteElo "2330"]
[BlackElo "2044"]
[Annotator "TA"]
[PlyCount "67"]
[EventDate "2022.08.12"]
[EventType "swiss"]
[EventCountry "AUT"]
[SourceTitle "playchess.com"]
[Source "ChessBase"]
[SourceQuality "1"]
[TimeControl "40/5400+30:1800+30"]

1. Nf3 d5 2. g3 Nf6 3. Bg2 e6 4. d4 b5 5. O-O Be7 6. Bg5 {[%emt 0:03:13] A46: 1 d4 Nf6 2 Nf3 e6: Torre, London and Colle Systems.} O-O 7. c3 a5 8. Nbd2 {[%emt 0:02:28] The position is equal.} Nbd7 {[%emt 0:04:07] [#]} 9. Qc2 $146 ({Predecessor:} 9. Ne1 c5 10. dxc5 Nxc5 11. Nd3 {½-½ (11) Vazquez Igarza,R (2596)-Epishin,V (2563) San Sebastian 2015}) 9... h6 10. Bxf6 Nxf6 11. Ne5 c5 12. a4 Qc7 (12... bxa4 $11 13. Nc6 (13. Qxa4 cxd4 14. Qxd4 Qc7 $11) 13... Qc7 14. Nxe7+ (14. Qxa4 Bd6 $15) 14... Qxe7) 13. axb5 $14 {[%emt 0:14:27] Black should prevent Nc6.} Rb8 (13... cxd4 $11 {keeps the balance.} 14. Nc6 dxc3 15. Qxc3 (15. Nxe7+ Qxe7 16. bxc3 Qc5 $11) 15... a4) 14. Qa4 {[%emt 0:07:40] White is much more active.} Bd7 15. c4 cxd4 16. Nxd7 Nxd7 17. cxd5 ({Don't play} 17. Qxa5 Qxa5 18. Rxa5 Bb4 $15) 17... Bb4 18. Nf3 ({White should try} 18. dxe6 $14 Nc5 19. exf7+ Kh8 20. Qd1) 18... Nc5 19. Qc2 e5 20. Rac1 $36 {[%emt 0:00:03][%mdl 2048] White is more active.} Rxb5 21. Qf5 (21. e3 $5 d3 22. Qxd3 Nxd3 23. Rxc7 $11) 21... Re8 22. Rc4 Qd6 23. Rfc1 Rb6 24. Qc2 Rc8 (24... Rb5 $11) 25. Nd2 {[%emt 0:01:42] [#] aiming for Ne4.} Rb5 (25... Rcb8 $14) 26. Ne4 $16 Qb6 {[%emt 0:02:14][%mdl 8192] A mistake that costs the game.} (26... Qd7 $16) 27. Bh3 $18 Rc7 (27... Qg6 $142 28. d6 Rd8) 28. d6 {[%emt 0:00:18] White is clearly winning.} Rc6 {[%emt 0:00:26] [#]} 29. Bd7 $1 g6 (29... d3 30. exd3) 30. Bxc6 Qxc6 31. Nxc5 Qxd6 32. Nd3 e4 33. Nxb4 axb4 34. Qxe4 {[%emt 0:00:05] Weighted Error Value: White=0.12 (very precise) /Black=0.40} 1-0

[Event "Austrian Championship 2022"]
[Site "Vienna"]
[Date "2022.08.17"]
[Round "7.10"]
[White "Lerch, Johannes"]
[Black "Shengelia, David"]
[Result "1/2-1/2"]
[ECO "A15"]
[WhiteElo "2222"]
[BlackElo "2462"]
[Annotator "TA"]
[PlyCount "92"]
[EventDate "2022.08.12"]
[EventType "swiss"]
[EventCountry "AUT"]
[SourceTitle "playchess.com"]
[Source "ChessBase"]
[SourceQuality "1"]
[TimeControl "40/5400+30:1800+30"]

1. Nf3 Nf6 2. c4 b6 3. g3 Bb7 4. Bg2 g6 5. b3 Bg7 6. Bb2 O-O 7. O-O (7. e3 {seems wilder.} e6 8. O-O Qe7 9. d4) 7... a5 {[%emt 0:00:47] A15: English Opening: 1...Nf6.} 8. Nc3 Na6 {[%emt 0:01:01] [#]} 9. a3 $146 ({Predecessor:} 9. d4 Qc8 10. Rc1 Ne4 11. e3 Nxc3 12. Bxc3 d5 13. Qe2 e6 14. Rfd1 c5 15. Qb2 {1-0 (40) Benkovic,P (2414)-Konjevic,D (2339) Herceg Novi 2001}) 9... e6 {[%emt 0:05:09] White has an edge.} 10. Qc2 d5 11. e3 c5 12. d3 Rc8 13. Rad1 Qe7 14. Nb5 Bc6 15. Ne5 Bxb5 16. cxb5 Nb8 17. e4 Nfd7 18. Nf3 {[%emt 0:01:08] White is more active.} Bxb2 19. Qxb2 Qf6 20. e5 Qg7 21. b4 axb4 22. axb4 c4 (22... g5 $11) 23. d4 c3 (23... Rc7 $11) 24. Qb3 $16 ({Much weaker is} 24. Qc2 $6 Rc4 $11) 24... Rc4 25. Rd3 $1 Rfc8 {[%emt 0:02:02] [#]} 26. Rc1 $1 c2 27. Rd2 Qf8 28. Rdxc2 Rxc2 29. Rxc2 Rxc2 30. Qxc2 Qxb4 31. Qd3 Nf8 32. h4 Nbd7 33. Nd2 Qa4 34. f4 Qd1+ 35. Kf2 h6 36. Bf3 Qa1 37. g4 f6 38. Qe3 fxe5 39. fxe5 ({Reject} 39. dxe5 $6 Nc5 $11) 39... Kg7 40. Kg2 Nh7 41. Kf2 (41. Be2 $16) 41... Ndf8 (41... Nhf8 $1 $11) 42. Kg2 (42. Kg3 $16) 42... Qb2 (42... Nd7 $1 $11 {keeps the balance.}) 43. Be2 Qc1 {[%emt 0:00:00] [#]} 44. Bf3 (44. Nc4 $1 $16 Qxe3 45. Nxe3) 44... Nd7 (44... Qb2 $1 $11 {remains equal.}) 45. Kf2 Qa1 46. Kg2 Qc1 $1 {[%emt 0:00:00] Black defended with fortune.  Weighted Error Value: White=0.16 (very precise) /Black=0.27 (precise)} 1/2-1/2

[Event "Austrian Championship 2022"]
[Site "Vienna"]
[Date "2022.08.17"]
[Round "7.11"]
[White "Schroll, Gerhard"]
[Black "Neumeier, Klaus"]
[Result "1/2-1/2"]
[WhiteElo "2281"]
[BlackElo "2257"]
[Annotator "TA"]
[PlyCount "31"]
[EventDate "2022.08.12"]
[EventType "swiss"]
[EventCountry "AUT"]
[SourceTitle "playchess.com"]
[Source "ChessBase"]
[SourceQuality "1"]
[TimeControl "40/5400+30:1800+30"]

1. d4 d5 2. Nf3 Nf6 3. Bf4 c5 4. c3 Nc6 5. e3 Qb6 6. Qb3 c4 7. Qxb6 axb6 8. Nbd2 b5 9. a3 {[%emt 0:01:31] Inhibits b4. D02: 1 d4 d5 2 Nf3 sidelines, including 2...Nf6 3 g3 and 2...Nf6 3 Bf4.} b4 {[%emt 0:00:35] [#] Not much happened in this game.} {Predecessor:} 10. cxb4 $146 Nxb4 11. Rc1 Nc6 12. Be2 Bf5 13. O-O e6 14. Nh4 Bg4 15. f3 Bh5 16. g4 {0-1 (57) Bordi,K (2288)-Abdusattorov,N (2627) Chess.com INT 2020} 1/2-1/2

[Event "Austrian Championship 2022"]
[Site "Vienna"]
[Date "2022.08.17"]
[Round "7.12"]
[White "Steiner, Adam"]
[Black "Balinov, Ilia"]
[Result "0-1"]
[ECO "B40"]
[WhiteElo "2226"]
[BlackElo "2419"]
[Annotator "TA"]
[PlyCount "42"]
[EventDate "2022.08.12"]
[EventType "swiss"]
[EventCountry "AUT"]
[SourceTitle "playchess.com"]
[Source "ChessBase"]
[SourceQuality "1"]
[TimeControl "40/5400+30:1800+30"]

1. e4 c5 2. Nf3 e6 3. b3 b6 4. d4 cxd4 5. Nxd4 Bb7 6. Nd2 {[%emt 0:00:26] B40: Sicilian: 2...e6, Unusual lines.} Nc6 7. Nxc6 Bxc6 8. Bb2 {[%emt 0:00:26] Prevents Qf6. The position is equal.} Nf6 9. Bd3 d6 10. Qe2 {[%emt 0:02:33] [#]} Qc7 $146 ({Predecessor:} 10... Be7 11. O-O-O O-O 12. f4 Qc7 13. Kb1 Rfc8 14. h4 Nd7 15. Rh3 Nc5 16. h5 e5 17. fxe5 dxe5 {½-½ (85) Vachier Lagrave,M (2762)-Van Wely,L (2654) Dubai 2014}) 11. O-O-O Nd7 12. Nf3 (12. f3 $14) 12... Nc5 (12... e5 $1 $11 {remains equal.}) 13. Nd4 $16 Nxd3+ 14. Rxd3 {[%emt 0:00:29] [#] Rc3 is the strong threat.} e5 (14... Bb7 $142) 15. Nxc6 Qxc6 16. f4 {[%emt 0:05:43] Hoping for Rc3.} Be7 17. fxe5 dxe5 18. Kb1 {[%emt 0:20:46] [#] Threatens to win with Rc3.} O-O 19. Rhd1 f6 20. Qg4 {[%emt 0:03:48] aiming for Rc3.} Rad8 21. Rd7 $2 (21. Rd5 $11) 21... f5 $1 {[%emt 0:01:36] Weighted Error Value: White=0.61/Black=0.18 (very precise)} 0-1

[Event "Austrian Championship 2022"]
[Site "Vienna"]
[Date "2022.08.17"]
[Round "7.13"]
[White "Borrmann, Laurenz"]
[Black "Hoegl, Emanuel"]
[Result "1/2-1/2"]
[ECO "B12"]
[WhiteElo "2274"]
[BlackElo "2094"]
[Annotator "NA RC"]
[PlyCount "49"]
[EventDate "2022.08.12"]
[EventType "swiss"]
[EventCountry "AUT"]
[SourceTitle "playchess.com"]
[Source "ChessBase"]
[SourceQuality "1"]
[TimeControl "40/5400+30:1800+30"]

1. e4 c6 2. d4 d5 3. e5 Bf5 4. Nf3 e6 5. Be2 h6 6. O-O Ne7 7. a4 Nd7 8. b4 g5 9. Ne1 Bg6 10. a5 Nf5 11. b5 c5 12. dxc5 Bxc5 13. Bb2 O-O 14. c4 dxc4 15. Nd2 Bd4 16. Bxd4 Nxd4 17. Nxc4 Nxb5 18. Bh5 Bxh5 19. Qxh5 Qc7 20. Rc1 Nxe5 21. Qxh6 f6 22. Nxe5 Qxe5 23. Qg6+ Kh8 24. Nf3 Qf5 25. Qxf5 1/2-1/2

[Event "Austrian Championship 2022"]
[Site "Vienna"]
[Date "2022.08.17"]
[Round "7.14"]
[White "Exler, Veronika"]
[Black "Ganaus, Hannes"]
[Result "1/2-1/2"]
[ECO "D02"]
[WhiteElo "2132"]
[BlackElo "2284"]
[Annotator "NA RC"]
[PlyCount "39"]
[EventDate "2022.08.12"]
[EventType "swiss"]
[EventCountry "AUT"]
[SourceTitle "playchess.com"]
[Source "ChessBase"]
[SourceQuality "1"]
[TimeControl "40/5400+30:1800+30"]

1. d4 d5 2. Nf3 c5 3. g3 cxd4 4. Bg2 Nf6 5. O-O h6 6. b3 e6 7. Bb2 Be7 8. Nxd4 O-O 9. c4 dxc4 10. bxc4 Na6 11. Nc3 Nc5 12. Nb3 Nfd7 13. Qc2 a6 14. Ne4 Nxe4 15. Qxe4 Qc7 16. Rac1 Rb8 17. c5 Bf6 18. Ba3 Rd8 19. Bb4 Re8 20. Ba5 1/2-1/2

[Event "Austrian Championship 2022"]
[Site "Vienna"]
[Date "2022.08.17"]
[Round "7.15"]
[White "Albadri Abd Al Sattar"]
[Black "Sandhoefner, Florian"]
[Result "1/2-1/2"]
[ECO "D12"]
[WhiteElo "2161"]
[BlackElo "2289"]
[Annotator "TA"]
[PlyCount "28"]
[EventDate "2022.08.12"]
[EventType "swiss"]
[EventCountry "AUT"]
[SourceTitle "playchess.com"]
[Source "ChessBase"]
[SourceQuality "1"]
[TimeControl "40/5400+30:1800+30"]

1. d4 d5 2. c4 c6 3. e3 Nf6 4. Nf3 Bf5 5. Nc3 e6 6. Qb3 Qb6 $1 {[%emt 0:00:27] 6...Qb6 is better than 6...Qc7.} 7. c5 Qc7 8. Nh4 Be7 {[%emt 0:00:42] D12: Slav Defence: 3 Nf3 Nf6 4 e3 Bf5.} 9. Nxf5 exf5 10. Bd3 g6 11. f3 {[%emt 1:27:20] [#]  Weighted Error Value: White=0.09 (flawless) /Black=0.19 (very precise)} (11. Qc2 $142) {Predecessor:} 11... O-O $146 12. Bd2 Nbd7 13. Qc2 Rfe8 14. O-O Bf8 {½-½ (14) Halasz,T (2356)-Gelle,I (2354) Hungary 2011} 1/2-1/2

[Event "Austrian Championship 2022"]
[Site "Vienna"]
[Date "2022.08.17"]
[Round "7.16"]
[White "Schnepp, Gunnar"]
[Black "Leitner, Gerald"]
[Result "0-1"]
[ECO "D30"]
[WhiteElo "2265"]
[BlackElo "2145"]
[Annotator "NA RC"]
[PlyCount "108"]
[EventDate "2022.08.12"]
[EventType "swiss"]
[EventCountry "AUT"]
[SourceTitle "playchess.com"]
[Source "ChessBase"]
[SourceQuality "1"]
[TimeControl "40/5400+30:1800+30"]

1. d4 Nf6 2. c4 e6 3. Nf3 d5 4. g3 c5 5. cxd5 exd5 6. Bg2 Nc6 7. O-O Be7 8. dxc5 Bxc5 9. Qc2 Bb6 10. Nc3 O-O 11. Rd1 Be6 12. Bg5 Rc8 13. e4 d4 14. e5 Nxe5 15. Nxe5 Qe7 16. Qe2 dxc3 17. Ng4 Rfe8 18. Nxf6+ gxf6 19. Bh4 Kg7 20. bxc3 Rxc3 21. Rd3 Rxd3 22. Qxd3 Qc5 23. Qf3 Qe5 24. Rd1 Rc8 25. a4 Rc2 26. Rf1 Ra2 27. h3 Rxa4 28. Qxb7 Ra1 29. Qf3 Ra2 30. g4 Rd2 31. Bg3 Qd4 32. Kh2 Bd5 33. Qxd5 Qxd5 34. Bxd5 Rxd5 35. Kg2 f5 36. g5 Kg6 37. h4 Rd4 38. f4 Rd2+ 39. Kf3 Rd3+ 40. Kg2 Kh5 41. Rf3 Rxf3 42. Kxf3 a5 43. Be1 a4 44. Bb4 Kxh4 45. Bd6 Bd4 46. Be7 Kh5 47. Ba3 Kg6 48. Ke2 Kh5 49. Kf3 f6 50. gxf6 Bxf6 51. Kg3 Bc3 52. Kh3 Bd2 53. Kg3 Kg6 54. Kf3 Kf7 0-1

[Event "Austrian Championship 2022"]
[Site "Vienna"]
[Date "2022.08.17"]
[Round "7.17"]
[White "Kienboeck, Benjamin"]
[Black "Marakovits, Nico"]
[Result "1-0"]
[ECO "B33"]
[WhiteElo "2151"]
[BlackElo "2259"]
[Annotator "NA RC"]
[PlyCount "67"]
[EventDate "2022.08.12"]
[EventType "swiss"]
[EventCountry "AUT"]
[SourceTitle "playchess.com"]
[Source "ChessBase"]
[SourceQuality "1"]
[TimeControl "40/5400+30:1800+30"]

1. e4 c5 2. Nf3 e6 3. d4 cxd4 4. Nxd4 Nf6 5. Nc3 Nc6 6. Ndb5 d6 7. Bf4 e5 8. Bg5 a6 9. Na3 b5 10. Nd5 Be7 11. Bxf6 Bxf6 12. c3 O-O 13. Nc2 Rb8 14. a4 bxa4 15. Rxa4 a5 16. Ra2 Be6 17. Bc4 Bg5 18. Nce3 g6 19. h4 Bxh4 20. g3 Bg5 21. f4 exf4 22. gxf4 Bh4+ 23. Kf1 Bf6 24. b3 Bg7 25. Rah2 Bxd5 26. Bxd5 Qb6 27. Qf3 h6 28. Rxh6 Bxh6 29. Qh3 Qb5+ 30. Kf2 Kg7 31. Qxh6+ Kf6 32. Qg5+ Kg7 33. Nf5+ Kg8 34. Qxg6# 1-0

[Event "Austrian Championship 2022"]
[Site "Vienna"]
[Date "2022.08.17"]
[Round "7.18"]
[White "Belke, Frank"]
[Black "Wagner, Leopold Franziskus"]
[Result "1/2-1/2"]
[ECO "E32"]
[WhiteElo "2226"]
[BlackElo "2080"]
[Annotator "NA RC"]
[PlyCount "110"]
[EventDate "2022.08.12"]
[EventType "swiss"]
[EventCountry "AUT"]
[SourceTitle "playchess.com"]
[Source "ChessBase"]
[SourceQuality "1"]
[TimeControl "40/5400+30:1800+30"]

1. d4 Nf6 2. c4 e6 3. Nc3 Bb4 4. Qc2 O-O 5. a3 Bxc3+ 6. Qxc3 b6 7. Bg5 Bb7 8. f3 h6 9. Bh4 d6 10. e3 Nbd7 11. Bd3 Qe7 12. Ne2 e5 13. O-O g5 14. Bg3 e4 15. Bc2 d5 16. f4 c6 17. fxg5 hxg5 18. h4 dxc4 19. hxg5 Nd5 20. Qd2 Qxg5 21. Bxe4 Qxe3+ 22. Qxe3 Nxe3 23. Rf3 f5 24. Rxe3 fxe4 25. Rxe4 Nf6 26. Re7 Rae8 27. Rxe8 Rxe8 28. Nc3 Nd5 29. Be5 Nxc3 30. bxc3 c5 31. Kf2 cxd4 32. Bxd4 Kf7 33. Rh1 Kg6 34. Rh3 Rf8+ 35. Ke3 Re8+ 36. Kd2 Re7 37. Rh8 Be4 38. Rg8+ Kh7 39. Rh8+ Kg6 40. Rf8 Kh5 41. Rg8 Kh6 42. g4 Bf3 43. g5+ Kh7 44. Rh8+ Kg6 45. Be3 Re6 46. Rh6+ Kf5 47. Rh7 Rd6+ 48. Ke1 a6 49. Rf7+ Ke4 50. Bd4 Bh5 51. Rh7 Bg6 52. Rh3 Kf4 53. Bf6 Bf5 54. Rh2 Bg4 55. Rd2 Rxd2 1/2-1/2

[Event "Austrian Championship 2022"]
[Site "Vienna"]
[Date "2022.08.17"]
[Round "7.19"]
[White "Scheffknecht, Philipp"]
[Black "Nolz, Tom"]
[Result "1/2-1/2"]
[ECO "A20"]
[WhiteElo "2093"]
[BlackElo "2230"]
[Annotator "NA RC"]
[PlyCount "45"]
[EventDate "2022.08.12"]
[EventType "swiss"]
[EventCountry "AUT"]
[SourceTitle "playchess.com"]
[Source "ChessBase"]
[SourceQuality "1"]
[TimeControl "40/5400+30:1800+30"]

1. c4 e5 2. g3 c6 3. d4 e4 4. Nc3 Nf6 5. Bg5 Bb4 6. Qb3 Bxc3+ 7. Qxc3 O-O 8. Nh3 d5 9. Nf4 h6 10. Bxf6 Qxf6 11. cxd5 g5 12. Ng2 cxd5 13. h4 Nc6 14. Rd1 Be6 15. Qd2 Kg7 16. Ne3 Rh8 17. Bg2 Qg6 18. h5 Qh7 19. f3 f5 20. Bh3 Rae8 21. fxe4 fxe4 22. Bxe6 Rxe6 23. O-O 1/2-1/2

[Event "Austrian Championship 2022"]
[Site "Vienna"]
[Date "2022.08.17"]
[Round "7.20"]
[White "Miazhynski, Yuri"]
[Black "Jethan, Martin"]
[Result "1-0"]
[ECO "B14"]
[WhiteElo "2166"]
[BlackElo "2103"]
[Annotator "NA RC"]
[PlyCount "73"]
[EventDate "2022.08.12"]
[EventType "swiss"]
[EventCountry "AUT"]
[SourceTitle "playchess.com"]
[Source "ChessBase"]
[SourceQuality "1"]
[TimeControl "40/5400+30:1800+30"]

1. e4 c6 2. d4 d5 3. exd5 cxd5 4. c4 Nf6 5. Nc3 e6 6. Nf3 Be7 7. c5 b6 8. b4 a5 9. Na4 bxc5 10. bxc5 Nfd7 11. Bf4 O-O 12. Bb5 Ba6 13. Rb1 Qc8 14. O-O Nc6 15. Bxa6 Rxa6 16. Re1 Bd8 17. Qd3 Nb4 18. Qe2 Qc6 19. Nc3 Ra8 20. a3 Na6 21. Qb5 Rc8 22. Qxc6 Rxc6 23. Bd6 Re8 24. Nxd5 Nf6 25. Nxf6+ Bxf6 26. Ne5 Bxe5 27. Bxe5 Nc7 28. Rb6 Rxb6 29. cxb6 Na6 30. b7 f6 31. Bg3 Kf7 32. Rc1 e5 33. dxe5 fxe5 34. Rc6 Nb8 35. Rc8 g5 36. Rxe8 Kxe8 37. Bxe5 1-0

[Event "Austrian Championship 2022"]
[Site "Vienna"]
[Date "2022.08.17"]
[Round "7.22"]
[White "Miazhynski, Michael"]
[Black "Steiner, Bruno"]
[Result "1-0"]
[ECO "C41"]
[WhiteElo "1994"]
[BlackElo "2126"]
[Annotator "NA RC"]
[PlyCount "69"]
[EventDate "2022.08.12"]
[EventType "swiss"]
[EventCountry "AUT"]
[SourceTitle "playchess.com"]
[Source "ChessBase"]
[SourceQuality "1"]
[TimeControl "40/5400+30:1800+30"]

1. e4 e5 2. Nf3 d6 3. d4 exd4 4. Nxd4 Nf6 5. Nc3 Be7 6. g3 O-O 7. Bg2 Re8 8. O-O c6 9. h3 Bf8 10. Re1 a5 11. Be3 Nbd7 12. f4 Nc5 13. Bf2 Qc7 14. a4 Bd7 15. Kh2 Rad8 16. g4 d5 17. e5 Nfe4 18. Nxe4 Nxe4 19. Bxe4 dxe4 20. Qe2 c5 21. Nb5 Qc8 22. Qxe4 f5 23. Qe2 fxg4 24. Rad1 gxh3 25. Bh4 Bxb5 26. axb5 Be7 27. Bxe7 Rxe7 28. Rxd8+ Qxd8 29. Kxh3 Qd4 30. Qf3 Qd7+ 31. f5 Qxb5 32. f6 Re6 33. Qg4 Qd7 34. Rd1 Qf7 35. Rd8+ 1-0